 Dungeon Crawl Stone Soup version 0.29.1-1-gd02db6906a (webtiles) character file.

Game seed: 17780493340890167398

130 hikkokomori the Chiller (level 5, -3/41 HPs)
             Began as a Merfolk Ice Elementalist on Sept 27, 2022.
             Slain by an iguana (12 damage)
             ... on level 4 of the Dungeon.
             The game lasted 00:10:30 (2462 turns).

hikkokomori the Chiller (Merfolk Ice Elementalist)  Turns: 2462, Time: 00:10:31

Health: -3/41      AC:  3    Str:  8    XL:     5   Next: 13%
Magic:  2/8        EV: 16    Int: 17    God:
Gold:   111        SH:  0    Dex: 14    Spells: 4/8 levels left

rFire   . . .      SeeInvis .   l - +0 spear
rCold   . . .      Faith    .   (no shield)
rNeg    . . .      Spirit   .   a - +0 robe
rPois   .          Reflect  .   (no helmet)
rElec   .          Harm     .   (no cloak)
rCorr   .          Rampage  .   (no gloves)
Will    .....                   p - +0 pair of boots
Stlth   ++........              (no amulet)
HPRegen 0.13/turn               o - +4 ring of evasion
MPRegen 0.11/turn               (no ring)

@: lethally poisoned (-3 -> -4)
A: (nimble swimmer 2), mertail
a: no special abilities


You were on level 4 of the Dungeon.
You visited 1 branch of the dungeon, and saw 4 of its levels.

You collected 111 gold pieces.

Inventory:

Hand Weapons
 i - a +0 falchion
 l - a +0 spear (weapon)
Missiles
 f - 29 stones
 m - a throwing net
Armour
 a - a +0 robe (worn)
 e - a +0 leather armour
 p - a +0 pair of boots (worn)
Jewellery
 o - a +4 ring of evasion (left hand)
Scrolls
 d - 2 scrolls of noise
 g - a scroll of summoning
 h - 3 scrolls of identify
 j - a scroll of teleportation
 k - 2 scrolls of vulnerability
 n - 2 scrolls of enchant weapon
 q - a scroll of amnesia {unknown}
 s - a scroll of magic mapping {unknown}
Potions
 b - a potion of magic
 c - a potion of cancellation
 r - a potion of ambrosia {unknown}
 t - a potion of attraction {unknown}


   Skills:
 + Level 3.1 Fighting
 - Level 2.6 Dodging
 - Level 2.1 Stealth
 + Level 2.4 Spellcasting
 + Level 5.6 Ice Magic


You had 4 spell levels left.
You knew the following spells:

 Your Spells              Type           Power      Damage    Failure   Level
a - Freeze                Ice            84%        1d10      1%          1
b - Ozocubu's Armour      Ice            21%        N/A       5%          3

Your spell library contained the following spells:

 Spells                   Type           Power      Damage    Failure   Level
 Frozen Ramparts          Ice            42%        1d7       5%          3
 Conjure Flame            Conj/Fire      2%         6-21      50%         3
 Ignite Poison            Fire/Tmut/Pois 2%         N/A       50%         3
 Mephitic Cloud           Conj/Pois/Air  2%         N/A       50%         3
 Hailstorm                Conj/Ice       11%        3d5       50%         4
 Sticky Flame             Conj/Fire      2%         2d3       88%         4
 Freezing Cloud           Conj/Ice/Air   4%         6-21      94%         5


Dungeon Overview and Level Annotations

Branches:
Dungeon (4/15)
 Temple: D:4-7

Altars:
Okawaru
Wu Jian

Annotations:
D:3 Sigmund
D:4 Eustachio, Natasha


Innate Abilities, Weirdness & Mutations

((You are very nimble when in or above water. (Stealth+, EV+, Speed+++)))
Your lower body shifts to a powerful aquatic tail in water.


Message History

The adder attacks as you move away! The adder bites you.
Casting: Freeze (safe; 1% risk of failure)
Confirm with . or Enter, or press ? or * to list all spells.
Aiming: Freeze (safe; 1% risk of failure)
Press: ? - help, Shift-Dir - straight line, f - adder
Aim: an adder You freeze the adder!
The adder is almost dead.
The adder bites you.
You are poisoned.
The adder poisons you!
You miss the adder.
The adder is almost dead.
You feel sick. The adder closely misses you. The adder completely misses you.
Unknown command.
Casting: Freeze (safe; 1% risk of failure)
Confirm with . or Enter, or press ? or * to list all spells.
Aiming: Freeze (safe; 1% risk of failure)
Press: ? - help, Shift-Dir - straight line, f/p - adder
Aim: an adder (almost dead)
You freeze the adder.
The adder is almost dead.
You feel sick.
Natasha casts a spell.
The adder closely misses you.
Casting: Freeze (safe; 1% risk of failure)
Confirm with . or Enter, or press ? or * to list all spells.
Aiming: Freeze (safe; 1% risk of failure)
Press: ? - help, Shift-Dir - straight line, f/p - adder
Aim: an adder (almost dead)
You freeze the adder.
You kill the adder!
You feel sick.
Natasha stares at you and mumbles some strange words.
The magic dart hits you! The iguana attacks as you move away!
The iguana bites you.
* * * LOW HITPOINT WARNING * * *
You feel sick. The iguana attacks as you move away! The iguana bites you!
You die...

## #..### . .. #....
...##.#.# ##
...#..#.###### ..
.............#######.#.##
...........=.lh..h.......
<..#.########.###5####..
..S..# #..##l# ...###
##.#@.# ... #...## ..
#...# .. #...# . #...#
#...# #####


You could see an iguana, Natasha and a crimson imp (summoned).

Vanquished Creatures
  5 adders
  A gnoll (D:3)
  A worm (D:3)
  2 dart slugs
  2 orcs (D:3)
  5 ball pythons
  6 bats
  8 endoplasms
  2 giant cockroaches
  4 goblins
  2 hobgoblins
  A quokka (D:1)
  2 frilled lizards
  3 kobolds
  A rat (D:1)
45 creatures vanquished.

Vanquished Creatures (collateral kills)
  2 gnolls (D:3)
2 creatures vanquished.

Grand Total: 47 creatures vanquished

Notes
Turn   | Place    | Note
-------+----------+-------------------------------------------
     0 | D:1      | hikkokomori the Merfolk Ice Elementalist began the quest
                  | for the Orb.
     0 | D:1      | Reached XP level 1. HP: 13/13 MP: 3/3
   143 | D:1      | Found a faded altar of an unknown god.
   301 | D:1      | Reached skill level 1 in Fighting
   313 | D:1      | Reached XP level 2. HP: 21/21 MP: 5/5
   773 | D:2      | Reached XP level 3. HP: 27/27 MP: 3/6
   781 | D:2      | Reached skill level 5 in Ice Magic
   960 | D:2      | Found an iron altar of Okawaru.
  1531 | D:3      | Reached XP level 4. HP: 29/34 MP: 5/7
  1541 | D:3      | Learned a level 3 spell: Ozocubu's Armour
  2108 | D:3      | Reached XP level 5. HP: 37/41 MP: 4/8
  2261 | D:3      | Found an ornate altar of the Wu Jian Council.
  2340 | D:3      | Noticed Sigmund
  2426 | D:4      | Noticed Eustachio
  2450 | D:4      | Noticed Natasha
  2462 | D:4      | Slain by an iguana

Illustrated notes

Levels and vault maps discovered:
D:1:      tarquinn_simple_flora_water_b, layout_loops_ring,
          ebering_ecumenical_altar_sacrificial
D:2:      layout_rooms, basic_altar
D:3:      layout_rooms, nicolae_sif_muna_little_library,
          nzn_wu_jian_contemplation, minmay_starry_boxes,
          uniq_crazy_yiuf_cottage, uniq_sigmund
D:4:      layout_rooms, okawaru_ov_weapons_minmay, bloody_makhleb, uniq_natasha,
          uniq_eustachio

Skill      XL: |  1  2  3  4 |
---------------+-------------+-----
Fighting       | 1 2 3 |  3.1
Ice Magic      | 5 |  5.6
Dodging        | |  2.6
Stealth        | |  2.1
Spellcasting   | |  2.4

Action                   |  1- 3 |  4- 6 || total
-------------------------+-------+-------++-------
Melee: Falchion          |    22 |       ||    22
       Unarmed           |     1 |       ||     1
       Spear             |     3 |    33 ||    36
Throw: Stone             |     1 |       ||     1
       Throwing net      |       |     1 ||     1
 Cast: Freeze            |    23 |    36 ||    59
       Ozocubu's Armour  |       |     1 ||     1
  Use: Scroll            |     6 |     2 ||     8
 Stab: Sleeping          |     4 |     1 ||     5
Armor: Robe              |     6 |     8 ||    14
Dodge: Dodged            |    25 |    48 ||    73
